Map: Sous les étoiles

Players

Percival - Winner!

  • Race: Terran Terran
  • League: Master
  • Spawn Location: 11:00

ShoWTimE

  • Race: Protoss Protoss
  • Spawn Location: 1:00

VOD

Have the link to the VOD?

Description

Time

  • Played on: Oct. 20, 2022, 6:24 a.m.
  • Length: 8:00
Show
View Real Time Build Order
Export as new Build Order

Percival Terran - Winner!

Build Orders: Reaper Expand 

Get SALT Encoding   

  12  0:00  SCV  
  13  0:12  SCV  
  14  0:17  Supply Depot  
  14  0:24  SCV  
  15  0:38  SCV  
  15  0:40  Barracks  
  16  0:43  Refinery  
  16  0:50  SCV  
  17  1:03  SCV  
  18  1:15  SCV  
  19  1:27  Reaper, Orbital Command  
  20  1:42  Command Center  
  20  1:50  Supply Depot  
  21  1:54  SCV  
  21  1:59  Marine  
  22  2:06  SCV  
  23  2:08  Barracks  
  23  2:16  Barracks  
  23  2:20  SCV  
  23  2:21  Barracks Reactor  
  24  2:28  Refinery  
  24  2:32  SCV  
  25  2:44  SCV  
  26  2:54  Orbital Command  
  26  2:56  SCV  
  27  2:58  Marine x2  
  27  2:59  Barracks Tech Lab  
  27  3:05  Barracks Tech Lab  
  29  3:06  Orbital Command  
  29  3:08  SCV  
  30  3:16  Marine x2  
  30  3:17  Stimpack, Marine  
  33  3:20  SCV  
  33  3:25  Marine  
  33  3:26  Combat Shield  
  34  3:32  SCV x2  
  34  3:34  Marine x2  
  36  3:35  Marine  
  39  3:41  Supply Depot  
  39  3:44  SCV x2  
  39  3:45  Marine  
  42  3:52  Marine x2  
  42  3:55  Supply Depot  
  44  3:56  SCV x2  
  44  4:02  Engineering Bay  
  46  4:03  Marine x2  
  46  4:04  Supply Depot  
  46  4:08  SCV x2  
  46  4:09  Marine  
  50  4:12  Marine  
  52  4:20  SCV  
  52  4:21  SCV  
  52  4:22  Marine  
  52  4:23  Factory, Marine  
  56  4:27  Marine  
  56  4:29  Marine  
  56  4:30  Terran Infantry Weapons Level 1  
  58  4:33  SCV x2  
  57  4:42  Marine x2  
  57  4:45  SCV x2, Marine  
  60  4:46  Supply Depot  
  60  4:48  Missile Turret  
  61  4:53  Missile Turret  
  61  4:57  SCV x2  
  61  4:58  Marine  
  61  4:59  Marine  
  64  5:00  Concussive Shells, Marine  
  66  5:08  Starport, Factory Reactor  
  66  5:09  SCV x2  
  68  5:19  Marine  
  69  5:23  Barracks  
  69  5:25  Barracks, Marauder  
  69  5:26  Marauder, Marine  
  74  5:29  Supply Depot  
  74  5:30  Supply Depot  
  74  5:32  SCV x2  
  76  5:41  Supply Depot  
  76  5:44  SCV  
  76  5:45  Marine  
  78  5:50  Marine  
  78  5:51  Marauder x2  
  78  5:55  Supply Depot  
  78  5:56  Refinery  
  78  5:57  Supply Depot, Factory Reactor  
  83  5:58  Refinery  
  83  5:59  SCV  
  80  6:07  Medivac  
  80  6:08  Medivac  
  80  6:09  Marine x2  
  83  6:12  Marauder  
  83  6:13  Marauder  
  83  6:15  Barracks Tech Lab  
  83  6:16  Barracks Reactor  
  80  6:28  Supply Depot, Marine x2  
  80  6:29  Supply Depot  
  82  6:34  Marauder x2  
  82  6:35  Marauder  
  88  6:41  Medivac  
  88  6:42  Medivac  
  92  6:47  Supply Depot, Marine x2  
  92  6:53  Widow Mine x2  
  92  6:54  Marine x2  
  98  6:58  Supply Depot  
  98  7:00  Marauder  
  102  7:02  Marauder  
  102  7:04  Marauder  
  106  7:09  Marine x2  
  106  7:11  Marine  
  106  7:12  Marine  
  106  7:15  Widow Mine x2  
  114  7:19  Medivac  
  115  7:23  Marauder  
  115  7:24  Marauder  
  115  7:25  Marauder  
  115  7:28  Supply Depot  
  115  7:29  Supply Depot  
  121  7:34  Marine x4  
Show
View Real Time Build Order
Export as new Build Order

ShoWTimE Protoss 

Build Orders: 1 Gate Expand, Oracle Opening 

Get SALT Encoding   

  12  0:00  Probe  
  13  0:12  Probe  
  14  0:17  Pylon  
  14  0:24  Probe (Chrono Boost)  
  15  0:35  Gateway  
  15  0:37  Probe (Chrono Boost)  
  16  0:44  Probe (Chrono Boost)  
  16  0:45  Assimilator  
  17  0:51  Probe  
  18  1:03  Probe  
  19  1:15  Probe  
  20  1:23  Cybernetics Core  
  20  1:33  Nexus  
  20  1:36  Probe  
  21  1:44  Pylon  
  21  1:49  Probe  
  21  1:52  Assimilator  
  22  1:59  Adept (Chrono Boost)  
  22  2:01  Probe  
  25  2:13  Probe  
  26  2:18  Stargate  
  26  2:22  Adept (Chrono Boost)  
  26  2:25  Probe  
  29  2:37  Warp Gate  
  29  2:38  Probe (Chrono Boost)  
  30  2:44  Adept  
  30  2:46  Probe (Chrono Boost)  
  34  2:55  Probe x2 (Chrono Boost)  
  35  3:00  Probe (Chrono Boost)  
  35  3:01  Probe  
  35  3:04  Oracle (Chrono Boost)  
  37  3:09  Pylon  
  37  3:12  Probe  
  41  3:13  Probe  
  42  3:24  Probe  
  42  3:25  Probe  
  44  3:27  Gateway  
  44  3:35  Oracle  
  44  3:36  Probe  
  44  3:37  Probe  
  44  3:40  Adept  
  51  3:45  Pylon  
  51  3:48  Probe  
  51  3:50  Probe  
  53  4:00  Probe  
  54  4:03  Probe  
  54  4:05  Nexus  
  55  4:10  Pylon  
  55  4:12  Probe  
  55  4:15  Probe  
  57  4:17  Assimilator  
  57  4:19  Assimilator  
  57  4:21  Shield Battery  
  57  4:25  Sentry x2, Probe  
  57  4:28  Shield Battery, Probe  
  63  4:37  Probe  
  64  4:40  Probe  
  65  4:47  Robotics Facility  
  65  4:48  Pylon  
  65  4:49  Probe  
  65  4:52  Probe  
  67  4:56  Twilight Council  
  67  5:01  Probe  
  67  5:03  Sentry  
  67  5:06  Probe  
  67  5:07  Adept  
  73  5:13  Probe  
  74  5:15  Gateway  
  74  5:16  Pylon  
  74  5:18  Probe  
  74  5:20  Probe  
  76  5:25  Probe, Pylon  
  76  5:27  Blink (Chrono Boost)  
  77  5:30  Probe  
  77  5:32  Probe  
  79  5:36  Immortal (Chrono Boost)  
  79  5:39  Stalker x2  
  84  5:43  Pylon  
  84  5:47  Probe x2, Gateway  
  86  5:53  Probe  
  87  5:59  Probe x2  
  87  6:00  Robotics Bay  
  89  6:05  Probe  
  89  6:07  Stalker x2  
  95  6:11  Observer  
  95  6:13  Probe  
  95  6:14  Probe  
  95  6:15  Pylon  
  95  6:17  Probe  
  98  6:19  Shield Battery  
  94  6:26  Stalker  
  94  6:27  Probe  
  94  6:32  Assimilator  
  97  6:34  Stalker x2  
  97  6:39  Forge  
  101  6:40  Pylon  
  101  6:44  Colossus (Chrono Boost)  
  107  6:56  Stalker  
  107  6:59  Probe x2  
  107  7:00  Probe, Gateway  
  112  7:02  Gateway  
  112  7:05  Sentry, Pylon  
  112  7:06  Sentry, Pylon  
  116  7:11  Probe x2  
  118  7:15  Assimilator  
  118  7:19  Probe  
  115  7:23  Stalker  
  115  7:29  Gateway  
  117  7:31  Zealot x3, Pylon  
  117  7:33  Pylon  
  117  7:34  Pylon  
  114  7:46  Stalker  
  91  7:54  Stalker x3  
Tags
 
Add a new tag
Caveats
  • Supply blocks, unpowered buildings, or Contaminate may cause inaccurate times.
  • Supply counts are checked every 10 seconds.